 Dungeon Crawl Stone Soup version 0.28-a0-1114-g8eb0198dcf (webtiles) character file.

Game seed: 1576937312926002628

36 ChaosChampion the Insei (level 3, -9/23 HPs)
             Began as an Octopode Transmuter on Dec 11, 2021.
             Killed from afar by Sigmund (10 damage)
             ... with a magic dart
             ... on level 2 of the Dungeon.
             The game lasted 00:03:29 (1279 turns).

ChaosChampion the Insei (Octopode Transmuter)       Turns: 1279, Time: 00:03:29

Health: -9/23      AC:  1    Str: 15    XL:     3   Next: 37%
Magic:  3/6        EV: 13    Int: 17    God:
Gold:   45         SH:  0    Dex: 12    Spells: 0/6 levels left

rFire   . . .      SeeInvis .     - Unarmed
rCold   . . .      Faith    .   (no shield)
rNeg    . . .      Spirit   .   (helmet restricted)
rPois   .          Reflect  .   (no amulet)
rElec   .          Harm     .   d - +6 ring of strength
rCorr   .          Rampage  .   (no ring)
Will    .....                   (no ring)
Stlth   ++........              (no ring)
HPRegen 0.07/turn               (no ring)
MPRegen 0.10/turn               (no ring)
                                (no ring)
                                (no ring)

@: confused
A: almost no armour, amphibious, 8 rings, camouflage 1, gelatinous body 1,
(nimble swimmer 1), tentacles
a: no special abilities


You were on level 2 of the Dungeon.
You visited 1 branch of the dungeon, and saw 2 of its levels.

You collected 45 gold pieces.

Inventory:

Jewellery
 d - a +6 ring of strength (left tentacle)
Scrolls
 a - a scroll of magic mapping {unknown}
 c - a scroll of identify {unknown}
 e - a scroll of teleportation {unknown}
Potions
 b - a potion of curing {unknown}


   Skills:
 - Level 1.0 Fighting
 - Level 2.0 Dodging
 * Level 4.3 Unarmed Combat
 - Level 2.0 Spellcasting
 - Level 2.0 Transmutations


You couldn't memorise any spells.
You knew the following spells:

 Your Spells              Type           Power      Damage    Failure   Level
a - Beastly Appendage     Tmut           16%        N/A       9%          1
b - Wereblood             Tmut           8%         N/A       13%         2
c - Spider Form           Tmut/Pois      5%         N/A       36%         3

Your spell library contained the following spells:

 Spells                   Type           Power      Damage    Failure   Level
 Sublimation of Blood     Necr           1%         N/A       28%         2
 Ice Form                 Ice/Tmut       5%         N/A       77%         4
 Petrify                  Tmut/Erth      5%         N/A       77%         4
 Irradiate                Conj/Tmut      2%         3d14      98%         5


Dungeon Overview and Level Annotations

Branches:
Dungeon (2/15)

Altars:

Annotations:
D:2 Sigmund


Innate Abilities, Weirdness & Mutations

You cannot wear most types of armour.
You are amphibious.
You can wear up to eight rings at the same time.
Your skin changes colour to match your surroundings (Stealth+).
Your rubbery body absorbs attacks. (AC +1, EV +1)
((You are camouflaged near water. (Stealth+)))
You have tentacles for arms and can constrict up to eight enemies at once.


Message History

You kill the hobgoblin!
You howl as the wereblood boils in your veins!
Your tentacle spike disappears.
Your primal bloodlust is almost over.
You howl as the wereblood boils in your veins!
Your primal bloodlust has ended.
Magic restored.
You see here a hobgoblin corpse.
Sigmund the Dreaded comes into view.
He is wielding a +0 scythe and wearing a +1 robe of willpower.
Sigmund shouts!
Sigmund is nearby!
Sigmund is nearby!
Casting: Wereblood (safe; 13% risk of failure)
Confirm with . or Enter, or press ? or * to list all spells.
The spell is extremely dangerous to miscast (36% risk of failure)!
Continue anyway?
Uppercase [Y]es or [N]o only, please.
The spell is extremely dangerous to miscast (36% risk of failure)!
Continue anyway?
You miscast Spider Form.
You are very lightly contaminated with residual magic.
Nothing appears to happen.
Casting: Spider Form (extremely dangerous; 36% risk of failure)
Confirm with . or Enter, or press ? or * to list all spells.
You miscast Wereblood.
Nothing appears to happen.
Sigmund gestures at you while chanting. The puff of flame hits you!
Ouch! That really hurt!
Your magical contamination has completely faded away.
Sigmund points at you and mumbles some strange words.
You are confused.
You bump into the rock wall.
You bump into the rock wall.
You bump into the rock wall.
Sigmund casts a spell at you.
You are more confused.
Sigmund hits you from afar with a +0 scythe!
* * * LOW HITPOINT WARNING * * *
You are too confused!
Sigmund points at you and mumbles some strange words.
The magic dart hits you!
You die...

#.##@##.##.....# #..
#....##.##.....# #.#
#..####.######## #.#
#..#.......# #.#
#.......##.# #.#
##.#.#####.### #.#
#.#@##......########.#
#......##.#..........#
###..@..<.############
#########


You could see Sigmund.

Vanquished Creatures
  3 ball pythons (D:1)
  5 bats
  5 endoplasms
  2 giant cockroaches (D:1)
  3 goblins (D:1)
  4 hobgoblins
  3 jackals (D:1)
  2 frilled lizards (D:1)
  2 kobolds (D:1)
  2 rats (D:1)
31 creatures vanquished.

Notes
Turn   | Place    | Note
-------+----------+-------------------------------------------
     0 | D:1      | ChaosChampion the Octopode Transmuter began the quest for
                  | the Orb.
     0 | D:1      | Reached XP level 1. HP: 13/13 MP: 3/3
   236 | D:1      | Reached XP level 2. HP: 6/18 MP: 3/5
   730 | D:1      | Reached skill level 4 in Unarmed Combat
   779 | D:1      | Reached XP level 3. HP: 23/23 MP: 4/6
   818 | D:1      | Learned a level 2 spell: Wereblood
   822 | D:1      | Learned a level 3 spell: Spider Form
  1252 | D:2      | Noticed Sigmund
  1277 | D:2      | HP: 1/23 [Sigmund (11)]
  1279 | D:2      | Killed from afar by Sigmund

Illustrated notes

Levels and vault maps discovered:
D:1:      tarquinn_simple_flora_water_a, layout_loops_cross,
          wad_floor_pattern_2, minivault_23, lemuel_old_faithful
D:2:      layout_loops_cross, ebering_ecumenical_altar_webs, st_stairs_7,
          uniq_robin, uniq_sigmund, uniq_jessica

Skill      XL: |  1  2 |
---------------+-------+-----
Unarmed Combat | 4 |  4.3
Fighting       | |  1.0
Dodging        | |  2.0
Spellcasting   | |  2.0
Transmutations | |  2.0

Action                   || total
-------------------------++-------
Melee: Unarmed           ||    58
       Constrict         ||    12
       Kick              ||    14
       Tentacles         ||     5
 Cast: Beastly Appendage ||    13
       Wereblood         ||     3
 Stab: Sleeping          ||     4
Armor: Skin              ||    11
Dodge: Dodged            ||    34

Table legend: (Time is in decaauts)
 A = Elapsed time spent in this place.
 B = Non-inter-level travel time spent in this place.
 C = Inter-level travel time spent in this place.
 D = Time resting spent in this place.
 E = Time spent auto-exploring this place.
 F = Levels seen in this place.
 G = Mean time per level.
                   A        B        C        D        E       F      G
               +--------+--------+--------+--------+--------+-----+--------+
         Total |   1274 |   1255 |     19 |    240 |    584 |   2 |  637.0 |
       Dungeon |   1274 |   1255 |     19 |    240 |    584 |   2 |  637.0 |
               +--------+--------+--------+--------+--------+-----+--------+

Top non-repeatable levels by time:
     D:1: 1111 daAuts
     D:2: 162 daAuts
